 Dungeon Crawl Stone Soup version 0.24.1-8-ga250c9d538 (webtiles) character file.

Game seed: 3823016577800443360, levelgen mode: deterministic

49367 Avesha the Tortoise (level 14, -4/198 HPs)
             Began as a Minotaur Berserker on May 3, 2020.
             Was a High Priest of Trog.
             Succumbed to poison (poison gas)
             ... on level 1 of the Swamp on May 5, 2020.
             The game lasted 03:14:37 (19687 turns).

Avesha the Tortoise (Minotaur Berserker)           Turns: 19687, Time: 03:14:38

Health: -4/198     AC: 29    Str: 34    XL:     14   Next: 15%
Magic:  13/13      EV: 10    Int:  4    God:    Trog [*****.]
Gold:   1126       SH: 17    Dex: 12    Spells: 13/13 levels left

rFire    . . .     SeeInvis .   I - +4 flail (protect)
rCold    . . .     Gourm    .   H - +2 shield
rNeg     . . .     Faith    .   T - +0 plate armour
rPois    .         Spirit   .   a - +1 hat {MR+}
rElec    .         Reflect  .   y - +0 cloak
rCorr    .         Harm     .   (no gloves)
MR       ++...                  (no boots)
Stlth    ..........             l - amulet "Suodo" {RegenMP +Inv}
HPRegen  0.43/turn              X - +3 ring of protection
MPRegen  0.38/turn              G - +4 ring of strength

@: berserking (expiring), lethally poisoned (-4 -> -131), protection aura, very
quick
A: retaliatory headbutt, horns 2
a: Berserk, Trog's Hand, Brothers in Arms, Renounce Religion, Evoke Invisibility


You were on level 1 of the Swamp.
You worshipped Trog.
Trog was extremely pleased with you.
You were not hungry.

You visited 3 branches of the dungeon, and saw 18 of its levels.
You also visited: Sewer.

You collected 1126 gold pieces.

Inventory:

Hand Weapons
 I - a +4 flail of protection (weapon)
 M - a +0 shortbow
 P - a +7 antimagic quarterstaff
 S - a +4 flail of freezing
 W - a +3 mace of holy wrath
Missiles
 g - 229 arrows
 V - 15 poisoned darts (quivered)
Armour
 a - a +1 hat of magic resistance (worn)
 n - a +0 plate armour
 y - a +0 cloak (worn)
 H - a +2 shield (worn)
 T - a +0 plate armour (worn)
Jewellery
 i - an uncursed ring of fire
 l - the amulet "Suodo" (around neck) {RegenMP +Inv}
   (You found it on level 3 of the Lair of Beasts)

   [amulet of magic regeneration]

   It increases your magic regeneration.
   It lets you turn invisible.
 w - an uncursed ring of protection from fire
 A - an uncursed ring of flight
 F - an uncursed ring of see invisible
 G - a +4 ring of strength (right hand)
 J - an uncursed ring of stealth
 N - an uncursed ring of ice
 X - a +3 ring of protection (left hand)
 Z - the ring of Ofaocsus {rPois rF+ EV+1 Str-3}
   (You found it on level 3 of the Lair of Beasts)

   [ring of evasion]

   It affects your evasion (+1).
   It affects your strength (-3).
   It protects you from fire.
   It protects you from poison.
Wands
 f - a wand of acid (16)
 s - a wand of flame (12)
 B - a wand of polymorph (22)
 E - a wand of disintegration (5)
 Q - a wand of paralysis (11)
Scrolls
 b - 4 scrolls of magic mapping
 d - a scroll of immolation {unknown}
 j - a scroll of vulnerability {unknown}
 k - 3 scrolls of blinking
 m - 15 scrolls of teleportation
 q - 2 scrolls of summoning {unknown}
 r - 2 scrolls of fog {unknown}
 u - 4 scrolls of fear
 O - 4 scrolls of remove curse
 R - 8 scrolls of enchant armour
 U - 2 scrolls of enchant weapon
Potions
 h - 5 potions of haste
 o - 2 potions of degeneration {unknown}
 t - 2 potions of might
 v - 10 potions of curing
 x - 5 potions of mutation
 z - 2 potions of invisibility
 C - a potion of flight {unknown}
 D - 2 potions of heal wounds
 Y - 4 potions of resistance
Miscellaneous
 e - a phantom mirror
 K - a sack of spiders
Comestibles
 c - 36 rations
 p - 4 chunks of flesh


   Skills:
 - Level 14.0 Fighting
   Level 1.0 Long Blades
 - Level 12.0(12.5) Maces & Flails
 - Level 6.2(10.0) Staves
 - Level 6.0 Bows
 + Level 15.6 Armour
 + Level 4.1 Dodging
 * Level 13.7 Shields


You had 13 spell levels left.
You didn't know any spells.
Your spell library contained the following spells:

 Spells                   Type           Power        Failure   Level  Hunger
 Beastly Appendage        Tmut           #.....       96%         1    ##.....
 Confusing Touch          Hex            #.....       96%         1    ##.....
 Magic Dart               Conj           #...         96%         1    ##.....
 Sting                    Conj/Pois      #...         96%         1    ##.....
 Blink                    Tloc           N/A          99%         2    ###....
 Call Imp                 Summ           #.......     99%         2    ###....
 Poisonous Vapours        Pois/Air       #.....       99%         2    ###....
 Slow                     Hex            #.......     99%         2    ###....
 Sticks to Snakes         Tmut           #.......     99%         2    ###....
 Confuse                  Hex            #.......     100%        3    ####...
 Conjure Flame            Conj/Fire      #.......     100%        3    ####...
 Gell's Gravitas          Tloc           #.........   100%        3    ####...
 Mephitic Cloud           Conj/Pois/Air  #.......     100%        3    ####...
 Spider Form              Tmut/Pois      #.........   100%        3    ####...
 Ice Form                 Ice/Tmut       #.......     100%        4    #####..
 Olgreb's Toxic Radiance  Pois           #.......     100%        4    #####..
 Petrify                  Tmut/Erth      #.......     100%        4    #####..
 Blade Hands              Tmut           #.........   100%        5    ######.
 Metabolic Englaciation   Hex/Ice        #.........   100%        5    ######.
 Venom Bolt               Conj/Pois      #.........   100%        5    ######.
 Yara's Violent Unravell  Hex/Tmut       #.........   100%        5    ######.


Dungeon Overview and Level Annotations

Branches:
Dungeon (11/15)            Temple (0/1) D:4            Lair (6/6) D:8
  Swamp (1/4) Lair:4       Spider (0/4) Lair:3        Slime (0/5) Lair:5
  Sewer (visited)
    Orc: D:9-12

Altars:
Ashenzari
Fedhas
Makhleb
Nemelex Xobeh
Vehumet
Jiyva


Innate Abilities, Weirdness & Mutations

You reflexively headbutt those who attack you in melee.
You have a pair of horns on your head.


Message History

You are too berserk!
You sock the vampire mosquito!
You destroy the vampire mosquito!
Trog accepts your kill.
* * * LOW HITPOINT WARNING * * *
You feel very sick.
You block the vampire mosquito's attack.
You closely miss the vampire mosquito. You headbutt the vampire mosquito.
The vampire mosquito is moderately damaged.
* * * LOW HITPOINT WARNING * * *
You feel very sick.
You block the vampire mosquito's attack.
You bludgeon the vampire mosquito!!
You destroy the vampire mosquito!
Trog accepts your kill.
* * * LOW HITPOINT WARNING * * *
You feel very sick.
You are too berserk!
You are too berserk!
You die...

≈≈ ♣♣ ♣♣ .♣♣.≈
.♣.♣♣♣. ..♣. ..
#...≈≈..# #.≈ .≈≈
.#.♣≈§...# #.♣ ♣.≈≈
....≈....###.♣♣♣...≈
....§≈........≈....♣
#.......††.....≈≈≈.
.##......@##°..≈≈≈≈≈
..........##○.≈≈≈≈≈≈
...##..÷...≈≈≈≈≈≈.
.# #†.#÷.<...≈≈≈.
#....≈≈.......
.......≈≈≈....≈..
..≈≈≈≈.≈≈≈.(.♣♣♣.
..§≈≈...≈≈≈≈.♣♣
♣.......≈≈≈≈..♣


There were no monsters in sight!

Vanquished Creatures
  Gastronok (Lair:2)
  5 dire elephants (Lair:6)
  Fannar (Lair:2)
  2 hydras
  Harold (D:9)
  6 two-headed ogres
  An anaconda (Lair:6)
  2 alligators (Swamp:1)
  Urug (Lair:2)
  A swamp dragon (Swamp:1)
  An unseen horror (D:10)
  Pikel (D:4)
  A deep elf mage (D:8)
  A manticore (D:11)
  A cyclops (D:11)
  Joseph (D:9)
  7 elephants (Lair:6)
  2 black mambas
  Maurice (D:9)
  3 rime drakes
  4 spiny frogs
  4 komodo dragons
  3 trolls
  A queen bee (D:10)
  5 bog bodies (Lair:4)
  22 blink frogs
  8 hippogriffs
  2 wraiths
  28 yaks
  4 basilisks
  3 wyverns
  A steam dragon (Lair:3)
  4 hungry ghosts
  11 vampire mosquitoes
  3 insubstantial wisps (Lair:1)
  9 water moccasins
  Duvessa (D:4)
  6 porcupines
  5 orc warriors
  A swamp drake (Lair:1)
  2 ice beasts (D:10)
  2 necrophages
  An eye of draining (D:11)
  A phantom (D:11)
  8 ogres
  5 black bears
  4 centaurs
  9 wolves
  9 crocodiles
  Blork the orc (D:6)
  14 bullfrogs
  Dowan (D:4)
  A wyvern skeleton (D:11)
  4 scorpions
  29 killer bees
  10 wights (D:8)
  4 howler monkeys
  3 electric eels
  4 crimson imps
  3 hounds
  Crazy Yiuf (D:6)
  A centaur zombie (D:6)
  7 orc priests
  A bullfrog zombie (D:9)
  2 jellies
  5 orc wizards
  A gnoll shaman (D:5)
  A centaur skeleton (D:10)
  7 iguanas
  A hell rat (D:5)
  6 worker ants
  A hound zombie (D:9)
  2 hound skeletons
  A howler monkey zombie (D:7)
  10 gnolls
  11 adders
  7 river rats
  5 shadow imps
  2 oozes (D:3)
  2 adder skeletons
  3 worms (D:3)
  6 leopard geckos
  28 orcs
  10 ball pythons
  5 bats
  3 giant cockroaches
  6 goblins
  6 hobgoblins
  10 jackals
  6 quokkas
  8 frilled lizards
  5 kobolds
  2 leopard gecko skeletons
  23 rats
  A bush (D:6)
  A fungus (D:6)
  4 plants
481 creatures vanquished.

Vanquished Creatures (others)
  A hippogriff (Lair:3)
  A bog body (Swamp:1)
  A swamp drake (Swamp:1)
  A howler monkey skeleton (D:4)
  8 fungi
  5 plants
17 creatures vanquished.

Grand Total: 498 creatures vanquished

Notes
Turn   | Place    | Note
-------+----------+-------------------------------------------
     0 | D:1      | Avesha the Minotaur Berserker began the quest for the Orb.
     0 | D:1      | Reached XP level 1. HP: 19/19 MP: 0/0
   307 | D:1      | Reached XP level 2. HP: 27/27 MP: 1/1
  1146 | D:2      | Found a sparkling altar of Nemelex Xobeh.
  1150 | D:2      | Reached XP level 3. HP: 33/33 MP: 2/2
  1456 | D:2      | Reached ** piety under Trog
  1456 | D:2      | Reached skill level 5 in Maces & Flails
  1763 | D:3      | Reached XP level 4. HP: 29/40 MP: 3/3
  2168 | D:3      | Found a glowing drain.
  2176 | D:3      | Reached XP level 5. HP: 43/46 MP: 4/4
  2188 | Sewer    | Entered a sewer
  2833 | D:3      | Reached *** piety under Trog
  3372 | D:4      | Found a staircase to the Ecumenical Temple.
  3504 | D:4      | Reached XP level 6. HP: 52/52 MP: 5/5
  3641 | D:4      | Noticed a slave
  3642 | D:4      | Noticed Pikel
  3642 | D:4      | Noticed a slave
  3643 | D:4      | Noticed a slave
  3646 | D:4      | Noticed a slave
  3663 | D:4      | Killed Pikel
  3663 | D:4      | Reached skill level 10 in Maces & Flails
  3663 | D:4      | Reached XP level 7. HP: 59/59 MP: 6/6
  3850 | D:4      | Noticed Duvessa
  3850 | D:4      | Noticed Dowan
  3857 | D:4      | Killed Duvessa
  3860 | D:4      | Killed Dowan
  4349 | D:5      | Entered Level 5 of the Dungeon
  4397 | D:5      | Reached XP level 8. HP: 59/66 MP: 7/7
  5034 | D:5      | Got a transparent scale mail
  5046 | D:5      | Identified the cursed +0 scale mail "Quliovo" {Str-3 Int+2
                  | Dex+5} (You found it on level 5 of the Dungeon)
  5205 | D:5      | Reached **** piety under Trog
  5246 | D:5      | Found the +2 ratskin cloak {+Rats rPois rN+ Str-1 Int-1
                  | Dex+1}
  5249 | D:5      | Reached skill level 5 in Fighting
  5316 | D:5      | Reached skill level 3 in Armour
  5345 | D:6      | Reached skill level 4 in Armour
  5668 | D:6      | Found a blossoming altar of Fedhas.
  5715 | D:6      | Reached skill level 5 in Armour
  5910 | D:6      | Reached ***** piety under Trog
  5964 | D:6      | Noticed Blork the orc
  5968 | D:6      | Reached XP level 9. HP: 52/78 MP: 8/8
  5975 | D:6      | Killed Blork the orc
  5975 | D:6      | Reached skill level 6 in Armour
  6368 | D:6      | Found a shattered altar of Ashenzari.
  6643 | D:6      | Found a runed translucent door.
  6644 | D:6      | Noticed Crazy Yiuf
  6649 | D:6      | Killed Crazy Yiuf
  6764 | D:7      | Received a gift from Trog
  6772 | D:7      | Reached skill level 7 in Armour
  6993 | D:7      | Reached skill level 8 in Armour
  7215 | D:8      | Reached skill level 9 in Armour
  7399 | D:8      | Reached XP level 10. HP: 70/91 MP: 9/9
  7507 | D:8      | Noticed a two-headed ogre
  7518 | D:8      | Killed a two-headed ogre
  7518 | D:8      | Reached skill level 1 in Long Blades
  7518 | D:8      | Reached skill level 10 in Armour
  7703 | D:8      | Noticed a deep elf mage
  7716 | D:8      | Killed a deep elf mage
  7716 | D:8      | Reached skill level 10 in Fighting
  7757 | D:8      | Noticed a two-headed ogre
  7768 | D:8      | Killed a two-headed ogre
  7768 | D:8      | Reached skill level 1 in Staves
  7768 | D:8      | Reached skill level 1 in Bows
  7768 | D:8      | Reached skill level 11 in Armour
  7900 | D:8      | Found a staircase to the Lair.
  8012 | D:8      | Noticed a two-headed ogre
  8021 | D:8      | Killed a two-headed ogre
  8732 | D:9      | Noticed Joseph
  8761 | D:9      | Killed Joseph
  8837 | D:9      | Reached XP level 11. HP: 77/101 MP: 10/10
  8991 | D:9      | Noticed Harold
  9007 | D:9      | Killed Harold
  9007 | D:9      | Reached skill level 5 in Staves
  9521 | D:9      | Noticed Maurice
  9535 | D:9      | Paralysed by Maurice for 7 turns
  9544 | D:9      | Killed Maurice
  9546 | D:9      | Reached skill level 12 in Armour
  9903 | D:10     | Entered Level 10 of the Dungeon
  9934 | D:10     | Noticed a two-headed ogre
  9946 | D:10     | Killed a two-headed ogre
  9969 | D:10     | Noticed a two-headed ogre
  9978 | D:10     | Killed a two-headed ogre
  9978 | D:10     | Reached skill level 1 in Shields
  9982 | D:10     | Found a burning altar of Makhleb.
 10132 | D:10     | Reached skill level 5 in Bows
 10162 | D:10     | Received a gift from Trog
 10172 | D:10     | Noticed an unseen horror
 10183 | D:10     | Killed an unseen horror
 10343 | D:10     | Reached skill level 5 in Shields
 10922 | D:11     | Reached XP level 12. HP: 104/112 MP: 11/11
 11361 | D:11     | Noticed a two-headed ogre
 11367 | D:11     | Killed a two-headed ogre
 11456 | D:11     | Noticed a seven-headed hydra
 11461 | D:11     | Killed a seven-headed hydra
 11876 | Lair:1   | Entered Level 1 of the Lair of Beasts
 12631 | Lair:2   | Noticed Gastronok
 12646 | Lair:2   | Killed Gastronok
 12914 | Lair:2   | Noticed Urug
 12925 | Lair:2   | Reached skill level 13 in Armour
 12925 | Lair:2   | Reached skill level 10 in Shields
 12945 | Lair:2   | Killed Urug
 13061 | Lair:2   | Noticed Fannar
 13076 | Lair:2   | Killed Fannar
 13674 | Lair:2   | Received a gift from Trog
 14038 | Lair:3   | Reached XP level 13. HP: 114/122 MP: 12/12
 14114 | Lair:3   | Got a faintly glowing iron amulet
 14115 | Lair:3   | Identified the amulet "Suodo" {RegenMP +Inv} (You found it
                  | on level 3 of the Lair of Beasts)
 14280 | Lair:3   | Found a hole to the Spider Nest.
 14548 | Lair:3   | Got a twisted long sword
 14627 | Lair:3   | Identified the cursed +3 long sword of Glory {pain, rPois
                  | rF++ Str-5 Dex+2} (You found it on level 3 of the Lair of
                  | Beasts)
 14629 | Lair:3   | Got a crude lapis lazuli ring
 14630 | Lair:3   | Identified the ring of Ofaocsus {rPois rF+ EV+1 Str-3} (You
                  | found it on level 3 of the Lair of Beasts)
 15575 | Lair:4   | Reached skill level 14 in Armour
 15982 | Lair:4   | Found a staircase to the Swamp.
 16569 | Lair:5   | Found a radiant altar of Vehumet.
 16814 | Lair:5   | Found a viscous altar of Jiyva.
 16818 | Lair:5   | Found a staircase to the Slime Pits.
 17042 | Lair:6   | Entered Level 6 of the Lair of Beasts
 17101 | Lair:6   | Received a gift from Trog
 17365 | Lair:6   | Reached skill level 15 in Armour
 17688 | Lair:6   | Noticed a dire elephant
 17688 | Lair:6   | Noticed a dire elephant
 17703 | Lair:6   | Killed a dire elephant
 17719 | Lair:6   | Killed a dire elephant
 17795 | Lair:6   | Noticed a dire elephant
 18152 | Lair:6   | Noticed a dire elephant
 18168 | Lair:6   | Killed a dire elephant
 18222 | Lair:6   | Noticed a dire elephant
 18244 | Lair:6   | Killed a dire elephant
 18575 | Lair:6   | Noticed a dire elephant
 18590 | Lair:6   | Killed a dire elephant
 19067 | Lair:6   | Reached XP level 14. HP: 109/132 MP: 13/13
 19548 | Swamp:1  | Entered Level 1 of the Swamp
 19685 | Swamp:1  | HP: 8/198 [poison (poison gas)]
 19686 | Swamp:1  | HP: 3/198 [poison (poison gas)]
 19687 | Swamp:1  | Succumbed to poison (poison gas)

Levels and vault maps discovered:
D:1:      dpeg_arrival_simpleton_b, layout_basic
D:2:      layout_loops_corners, nemelex_xobeh_ov_fountains_minmay
D:3:      layout_loops_ring, portal_sewer_entry_b, first_ration,
          minmay_fractal_squares_diagonal_5
D:4:      layout_basic, minmay_temple_entry_arrows, uniq_duvessa, uniq_pikel
D:5:      wander_guarded_unrand_ratskin, layout_basic
D:6:      layout_cave_pods, basic_altar, chequers_ossuary_entry_cave,
          fedhas_bush_and_centaur_altar, uniq_blork_the_orc,
          uniq_crazy_yiuf_cottage
D:7:      layout_rooms
D:8:      layout_basic, minmay_lair_entry_grove
D:9:      layout_basic, uniq_maurice, uniq_joseph, uniq_harold
D:10:     layout_loops_ring, david_nohive_1, bloody_makhleb
D:11:     layout_basic
Lair:1:   layout_chaotic_city, st_stairs_10, pond
Lair:2:   layout_cave_shapes, chequers_serial_rivers_room_b,
          beast_lair_carwin_2, serial_bayou_shore_a, serial_bayou_shore_b,
          infiniplex_staircase_pool_2, lemuel_fruit_fields, uniq_urug,
          uniq_fannar, uniq_gastronok
Lair:3:   layout_cave_pods, dummy_spider_entry
Lair:4:   layout_layer_cave, nicolae_swamp_entry_splash_gauntlet
Lair:5:   layout_gridlike, slime_altar_1, basic_altar, grunt_megastairs_2
Lair:6:   due_jungle_book, layout_concentric_octagons
Swamp:1:  layout_basic_swamp, evilmike_swamp_ruin_rubble_2

Skill      XL: |  1  2  3  4  5  6  7  8  9 10 11 12 13 |
---------------+----------------------------------------+-----
Maces & Flails | 4 5 6 7 10 11 12 | 12.0
Fighting       | 4 6 9 10 12 13 14 | 14.0
Armour         | 5 9 11 12 13 15 | 15.6
Long Blades    | 1 |  1.0
Staves         | 4 6 |  6.2
Bows           | 3 6 |  6.0
Shields        | 6 10 13 | 13.7
Dodging        | 3 4 |  4.1

Action                   |  1- 3 |  4- 6 |  7- 9 | 10-12 | 13-15 || total
-------------------------+-------+-------+-------+-------+-------++-------
Melee: Mace              |    83 |   140 |    35 |       |       ||   258
       Headbutt          |    10 |    23 |    65 |   136 |   130 ||   364
       Whip              |       |       |   285 |    26 |       ||   311
       Quarterstaff      |       |       |       |    40 |       ||    40
       Flail             |       |       |       |   537 |   490 ||  1027
       Long sword        |       |       |       |     9 |       ||     9
 Fire: Shortbow          |       |       |       |    32 |       ||    32
Throw: Dart              |       |       |    14 |    28 |     3 ||    45
Invok: Berserk           |       |     1 |     3 |     4 |     2 ||    10
  Use: Scroll            |       |     1 |     2 |     9 |    13 ||    25
       Potion            |       |       |       |       |     1 ||     1
  Eat: Chunk             |     3 |     5 |    13 |    30 |    14 ||    65
       Ration            |       |       |     1 |       |     2 ||     3
Armor: Ring mail         |     4 |       |       |       |       ||     4
       Animal skin       |     1 |       |       |       |       ||     1
       Chain mail        |    36 |    74 |    90 |       |       ||   200
       Plate armour      |       |       |    13 |   233 |   249 ||   495
Dodge: Dodged            |    34 |    57 |    56 |   121 |   175 ||   443
Block: Shield            |       |       |    86 |   276 |   203 ||   565
